[Event "Team 45 45 League T99"]
[Site "Internet Chess Club"]
[Date "2024.02.14"]
[Round "1"]
[White "julesraider"]
[Black "Redman1"]
[Result "1/2-1/2"]
[WhiteElo "1596"]
[BlackElo "1546"]
[Opening "QGD: 4.Bg5 Be7"]
[ECO "D53"]
[Time "12:00:13"]
[PlyCount "74"]
[TimeControl "2700+45"]

1. d4 d5 2. c4 e6 3. Nc3 Nf6 4. Bg5 Be7 5. cxd5 exd5 6. Qc2 O-O 7. e3 c6 8. Bd3
Nbd7 9. Nf3 Re8 10. O-O Nf8 11. Rab1 Ne4 12. Bxe7 Qxe7 13. b4 Nxc3 14. Qxc3 Be6
15. b5 cxb5 16. Bxb5 Rec8 17. Qb3 Rc7 18. Rfc1 Rac8 19. Rxc7 Qxc7 20. Bd3 Qc3
21. Qd1 b6 22. h3 h6 23. Qe2 Nd7 24. Ba6 Rc7 25. Ne1 Nf6 26. Rb3 Qc1 27. Kh2 Ne4
28. Nd3 Qc2 29. Qxc2 Rxc2 30. f3 Nd6 31. Nb4 Rc7 32. a4 Nc4 33. Rc3 Kf8 34. Bb5
Rc8 35. Ba6 Rc7 36. Bb5 Rc8 37. Ba6 Rc7 {Game drawn by repetition} 1/2-1/2

[Event "Team 45 45 League T99"]
[Site "Internet Chess Club"]
[Date "2024.02.18"]
[Round "1"]
[White "MrAbendroth"]
[Black "vollmerj"]
[Result "1/2-1/2"]
[WhiteElo "1620"]
[BlackElo "1574"]
[Opening "Sicilian: Hungarian variation"]
[ECO "B27"]
[Time "11:02:49"]
[PlyCount "46"]
[TimeControl "2700+45"]

1. e4 c5 2. Nf3 g6 3. Nc3 Nc6 4. Bc4 Bg7 5. a3 d6 6. h3 Nf6 7. d3 a6 8. a4 O-O
9. Be3 Bd7 10. Ne2 Nb4 11. c3 Nc6 12. Bb3 b5 13. axb5 axb5 14. Rxa8 Qxa8 15. O-O
b4 16. Qd2 bxc3 17. bxc3 Rb8 18. Ba2 Qa3 19. Rb1 Rxb1+ 20. Bxb1 Qa1 21. Qe1 Na5
22. Bc2 Qxe1+ 23. Nxe1 Bb5 {Game drawn by mutual agreement} 1/2-1/2

[Event "Team 45 45 League T99"]
[Site "Internet Chess Club"]
[Date "2024.02.17"]
[Round "1"]
[White "isolani"]
[Black "LoseOften"]
[Result "0-1"]
[WhiteElo "1454"]
[BlackElo "1723"]
[Opening "Dutch"]
[ECO "A80"]
[Time "09:00:47"]
[PlyCount "50"]
[TimeControl "2700+45"]

1. d4 f5 2. Nf3 Nf6 3. c4 e6 4. Nc3 d5 5. cxd5 exd5 6. Bf4 Bd6 7. Bxd6 Qxd6 8.
e3 O-O 9. Ne2 Nbd7 10. Ng3 Ne4 11. Qc2 Qb4+ 12. Nd2 Ndf6 13. Nxe4 fxe4 14. Be2
Bg4 15. Bxg4 Nxg4 16. O-O Qd6 17. g3 Qh6 18. h4 Rf7 19. Nxe4 dxe4 20. Qxe4 Nf6
21. Qxb7 Raf8 22. Qxa7 Ne4 23. d5 c5 24. Qa5 Rxf2 25. Rxf2 Qxe3 {White resigns}
0-1

[Event "Team 45 45 League T99"]
[Site "Internet Chess Club"]
[Date "2024.02.19"]
[Round "1"]
[White "primerpaso"]
[Black "jonesey"]
[Result "1/2-1/2"]
[WhiteElo "1826"]
[BlackElo "1826"]
[Opening "English opening"]
[ECO "D35"]
[Time "15:03:59"]
[PlyCount "90"]
[TimeControl "2700+45"]

1. c4 e6 2. Nc3 d5 3. cxd5 exd5 4. d4 Nf6 5. g3 c6 6. Bg2 Bd6 7. Nf3 Nbd7 8. O-O
O-O 9. a3 Re8 10. Bf4 Nf8 11. Bxd6 Qxd6 12. e3 Ng6 13. b4 Bf5 14. Qe2 Ne4 15.
Rfc1 Re7 16. Nd2 Nxd2 17. Qxd2 h5 18. b5 h4 19. bxc6 bxc6 20. Qe2 hxg3 21. hxg3
Re6 22. Qh5 Ne7 23. Qe2 Rh6 24. Bf3 Re8 25. Bg4 Qg6 26. Bxf5 Nxf5 27. Qf3 Re6
28. Ne2 Nh4 29. Qf4 Rf6 30. Qb8+ Kh7 31. Nf4 Nf3+ 32. Kf1 Qe4 33. Ke2 Nxd4+ 34.
Kd2 Nb3+ 35. Qxb3 g5 36. Nd3 d4 37. Re1 Rh2 38. Re2 dxe3+ 39. fxe3 Rxe2+ 40.
Kxe2 Qg2+ 41. Kd1 Rf1+ 42. Ne1 Rxe1+ 43. Kxe1 Qg1+ 44. Kd2 Qxa1 45. Qxf7+ Qg7
{Game drawn by mutual agreement} 1/2-1/2

[Event "Team 45 45 League T99"]
[Site "Internet Chess Club"]
[Date "2024.02.18"]
[Round "1"]
[White "Gojira"]
[Black "Portola"]
[Result "0-1"]
[WhiteElo "1639"]
[BlackElo "1641"]
[Opening "QGD: 4.Nf3"]
[ECO "D37"]
[Time "08:07:33"]
[PlyCount "70"]
[TimeControl "2700+45"]

1. d4 d5 2. Nf3 Nf6 3. c4 e6 4. Nc3 Be7 5. b3 O-O 6. g3 c6 7. Bg2 Nbd7 8. O-O b6
9. Qd3 Bb7 10. e4 dxe4 11. Nxe4 c5 12. Ned2 Qc7 13. Bb2 Rad8 14. Rad1 cxd4 15.
Qxd4 Nc5 16. Qe5 Qc8 17. Bd4 Qa8 18. h3 Rd7 19. Ne1 Bxg2 20. Nxg2 Rfd8 21. Bc3
Nce4 22. Nxe4 Rxd1 23. Rxd1 Rxd1+ 24. Kh2 Qxe4 25. Qb8+ Bd8 26. Bb4 Qc6 27. Be7
Qd7 28. Bxf6 gxf6 29. Ne3 Rd4 30. Ng4 Kg7 31. Ne3 Bc7 32. Qa8 f5 33. Qf3 Be5 34.
Qh5 Bf6 35. Ng2 Rd2 {White resigns} 0-1

[Event "Team 45 45 League T99"]
[Site "Internet Chess Club"]
[Date "2024.02.20"]
[Round "1"]
[White "ElValero"]
[Black "Rookmaster"]
[Result "1-0"]
[WhiteElo "1629"]
[BlackElo "1529"]
[Opening "Old Indian defense"]
[ECO "A53"]
[Time "09:01:17"]
[PlyCount "63"]
[TimeControl "2700+45"]

1. c4 d6 2. d4 Nf6 3. Nf3 Nbd7 4. d5 c6 5. Nc3 Qc7 6. e4 e5 7. Be2 Be7 8. Bg5 h6
9. Be3 Nf8 10. h3 g5 11. Nh2 a5 12. Ng4 Ng6 13. g3 Nxg4 14. hxg4 Bd7 15. Qd2
O-O-O 16. O-O-O Bf8 17. Rh2 Bg7 18. Kb1 Ne7 19. c5 Kb8 20. dxc6 Bxc6 21. cxd6
Qc8 22. Bb6 Rd7 23. Nb5 Bxe4+ 24. Ka1 Nc6 25. Rc1 Qf8 26. f3 Bg6 27. Bc7+ Rxc7
28. Nxc7 Kc8 29. Qe3 Qxd6 30. Nb5 Qb4 31. a3 Qa4 32. Qb6 {Black resigns} 1-0

[Event "Team 45 45 League T99"]
[Site "Internet Chess Club"]
[Date "2024.02.16"]
[Round "1"]
[White "BlueStorm"]
[Black "mongmong"]
[Result "0-1"]
[WhiteElo "1694"]
[BlackElo "1520"]
[Opening "Nimzo-Indian: Sämisch variation"]
[ECO "E28"]
[Time "18:00:26"]
[PlyCount "162"]
[TimeControl "2700+45"]

1. d4 e6 2. c4 Nf6 3. Nc3 Bb4 4. e3 O-O 5. a3 Bxc3+ 6. bxc3 b6 7. Bd3 Bb7 8. f3
Nc6 9. Qc2 Na5 10. Nh3 Ba6 11. e4 h6 12. e5 Ne8 13. c5 Bxd3 14. Qxd3 d6 15. cxd6
cxd6 16. exd6 Nb3 17. Rb1 Nxc1 18. Rxc1 Qxd6 19. O-O Qxa3 20. Ra1 Qd6 21. Nf2
Nf6 22. Ne4 Nxe4 23. fxe4 f6 24. Rfb1 Qc6 25. c4 f5 26. exf5 Rxf5 27. Rf1 Rxf1+
28. Rxf1 a5 29. Re1 a4 30. Ra1 Rc8 31. Rc1 b5 32. c5 b4 33. Qc4 b3 34. Rb1 Ra8
35. Qb4 Qd5 36. Kf2 Qe4 37. Re1 Qf4+ 38. Kg1 Qf5 39. c6 Qf8 40. Qc4 b2 41. c7
Qc8 42. d5 exd5 43. Qxd5+ Kh8 44. Qa2 Qxc7 45. Qxb2 Qc5+ 46. Kh1 a3 47. Qa2 Qc3
48. Ra1 Rc8 49. h3 Ra8 50. Kh2 Kh7 51. Rb1 Qe5+ 52. g3 Qe4 53. Ra1 Qd3 54. Qb1
Qxb1 55. Rxb1 a2 56. Ra1 Kg6 57. Kg2 Kf5 58. Kf3 g5 59. g4+ Ke5 60. Ke3 Ra3+ 61.
Kf2 Kf4 62. Kg2 Ke3 63. Kf1 Kf3 64. Kg1 Kg3 65. Kh1 Kxh3 66. Kg1 Kxg4 67. Kg2 h5
68. Kf2 h4 69. Rg1+ Kh5 70. Ra1 g4 71. Kg1 Kg5 72. Kh1 g3 73. Kg1 Kg4 74. Kh1 h3
75. Kg1 Kf3 76. Rf1+ Ke2 77. Ra1 Kd2 78. Kh1 Kc2 79. Kg1 Kb2 80. Rf1 a1=Q 81.
Rxa1 Rxa1# {White checkmated} 0-1

[Event "Team 45 45 League T99"]
[Site "Internet Chess Club"]
[Date "2024.02.16"]
[Round "1"]
[White "fishhead"]
[Black "Lawkeito"]
[Result "1-0"]
[WhiteElo "1803"]
[BlackElo "1740"]
[Opening "Sicilian defense"]
[ECO "B44"]
[Time "20:06:24"]
[PlyCount "153"]
[TimeControl "2700+45"]

1. e4 c5 2. Nf3 e6 3. d4 cxd4 4. Nxd4 Nc6 5. Nxc6 bxc6 6. Bd3 Nf6 7. O-O Qc7 8.
Qe2 d5 9. e5 Nd7 10. Bf4 Nc5 11. Nd2 Nxd3 12. Qxd3 Be7 13. c4 O-O 14. Rfc1 Qb6
15. b3 f6 16. Qg3 Bd7 17. Nf3 a5 18. exf6 Bxf6 19. c5 Qa6 20. Be5 Kh8 21. Re1
Qd3 22. Rad1 Qf5 23. Nd4 Qh5 24. Bxf6 Rxf6 25. Qe5 Qf7 26. f3 h6 27. Re3 Qf8 28.
Rc1 Ra6 29. a3 Qc8 30. Rce1 Ra7 31. g3 Rb7 32. f4 Qb8 33. Rb1 Qxe5 34. Rxe5 Kg8
35. b4 axb4 36. axb4 Kf7 37. Re3 g6 38. b5 Be8 39. b6 g5 40. fxg5 hxg5 41. Ra3
Kg6 42. Ra7 Rff7 43. Rba1 e5 44. Rxb7 Rxb7 45. Ra7 Rb8 46. Ne6 Kf6 47. Nc7 d4
48. Na6 Rd8 49. b7 d3 50. b8=Q Rxb8 51. Nxb8 d2 52. Ra1 Bh5 53. Nxc6 d1=Q+ 54.
Rxd1 Bxd1 55. Kf2 Ke6 56. Nb4 g4 57. Ke3 Kd7 58. Ke4 Ke6 59. c6 Bf3+ 60. Ke3 e4
61. c7 Kd7 62. Nd5 Kc8 63. Kf4 Kd7 64. Nf6+ Kxc7 65. Nxe4 Kd8 66. Nf6 Ke7 67.
Nxg4 Bd1 68. Kg5 Kf7 69. Ne5+ Kg7 70. h4 Bc2 71. h5 Bb1 72. Kh4 Bf5 73. g4 Bxg4
74. Nxg4 Kh7 75. Kg5 Kg7 76. Ne5 Kh7 77. h6 {Black resigns} 1-0

[Event "Team 45 45 League T99"]
[Site "Internet Chess Club"]
[Date "2024.02.16"]
[Round "1"]
[White "manfredo"]
[Black "QuieroAprender"]
[Result "0-1"]
[WhiteElo "1522"]
[BlackElo "1674"]
[Opening "KGA: Abbazia defense (classical defense, modern defense[!])"]
[ECO "C36"]
[Time "18:45:20"]
[PlyCount "28"]
[TimeControl "2700+45"]

1. e4 e5 2. f4 exf4 3. Nf3 d5 4. exd5 Bg4 5. Bb5+ c6 6. dxc6 bxc6 7. Bc4 Bxf3 8.
Qxf3 Qh4+ 9. g3 Qe7+ 10. Kd1 Qc5 11. Qxf4 Nf6 12. b3 Bd6 13. Re1+ Kf8 14. d4
Qh5+ {White resigns} 0-1

[Event "Team 45 45 League T99"]
[Site "Internet Chess Club"]
[Date "2024.02.17"]
[Round "1"]
[White "fireball"]
[Black "dalmata"]
[Result "1/2-1/2"]
[WhiteElo "1525"]
[BlackElo "1520"]
[Opening "QGD: Semi-Tarrasch defense, Pillsbury variation"]
[ECO "D40"]
[Time "11:00:34"]
[PlyCount "84"]
[TimeControl "2700+45"]

1. Nf3 d5 2. d4 Nf6 3. c4 e6 4. Nc3 c5 5. Bg5 cxd4 6. Nxd4 Be7 7. cxd5 Nxd5 8.
Bxe7 Qxe7 9. Nxd5 exd5 10. Qb3 Qd7 11. Qe3+ Qe7 12. Qxe7+ Kxe7 13. e3 Nc6 14.
O-O-O Nxd4 15. Rxd4 Be6 16. Bd3 Rac8+ 17. Kd2 g6 18. Rc1 Rxc1 19. Kxc1 Rd8 20.
h3 h5 21. f4 Kf6 22. Kd2 Rd7 23. e4 dxe4 24. Rxd7 Bxd7 25. Bxe4 Be6 26. Bxb7
Bxa2 27. Ke3 Be6 28. b4 g5 29. fxg5+ Kxg5 30. Bf3 f5 31. Kd4 Bd7 32. Ke5 h4 33.
Bd5 Bb5 34. Bf3 a6 35. Bb7 f4 36. Bf3 Bf1 37. Bb7 Bb5 38. Kd6 Kf5 39. Kc5 Ke5
40. Kb6 Bf1 41. Bf3 Kd4 42. Ka5 Bd3 {Game drawn by mutual agreement} 1/2-1/2

[Event "Team 45 45 League T99"]
[Site "Internet Chess Club"]
[Date "2024.02.16"]
[Round "1"]
[White "Alec-hine"]
[Black "primerpaso"]
[Result "1/2-1/2"]
[WhiteElo "1996"]
[BlackElo "1826"]
[Opening "Trompowsky attack (Ruth, Opocenský opening)"]
[ECO "A45"]
[Time "14:01:51"]
[PlyCount "62"]
[TimeControl "2700+45"]

1. d4 Nf6 2. Bg5 d5 3. Bxf6 exf6 4. e3 Bd6 5. g3 O-O 6. Bg2 c6 7. Ne2 Re8 8. O-O
Nd7 9. Nd2 Nb6 10. Qc1 Bg4 11. Re1 Qd7 12. c4 dxc4 13. Nxc4 Bc7 14. Nxb6 Bxb6
15. Nc3 Bh3 16. Qc2 Bxg2 17. Kxg2 Ba5 18. Rab1 Bxc3 19. bxc3 f5 20. c4 b6 21. a4
f4 22. gxf4 Qg4+ 23. Kf1 Re6 24. Qd1 Qh3+ 25. Ke2 Qxh2 26. d5 cxd5 27. cxd5 Qh5+
28. Kf1 Qh1+ 29. Ke2 Qh5+ 30. Kf1 Qh1+ 31. Ke2 Qh5+ {Game drawn by repetition}
1/2-1/2

[Event "Team 45 45 League T99"]
[Site "Internet Chess Club"]
[Date "2024.02.18"]
[Round "1"]
[White "fishhead"]
[Black "timcent"]
[Result "1/2-1/2"]
[WhiteElo "1809"]
[BlackElo "1931"]
[Opening "Sicilian: Sozin, Benkö variation"]
[ECO "B57"]
[Time "13:00:17"]
[PlyCount "99"]
[TimeControl "2700+45"]

1. e4 c5 2. Nf3 Nc6 3. d4 cxd4 4. Nxd4 Nf6 5. Nc3 d6 6. Bc4 Qb6 7. Nxc6 bxc6 8.
Bb3 Ba6 9. Be3 Qc7 10. f3 g6 11. Qd2 Bg7 12. Bh6 O-O 13. h4 d5 14. O-O-O Rfd8
15. exd5 cxd5 16. h5 Nxh5 17. g4 Bxh6 18. Qxh6 Qf4+ 19. Qxf4 Nxf4 20. Nxd5 Nxd5
21. Bxd5 Rab8 22. b3 Kg7 23. g5 Bb7 24. Bxb7 Rxd1+ 25. Kxd1 Rxb7 26. c4 e5 27.
Ke2 f6 28. gxf6+ Kxf6 29. Kd3 Rd7+ 30. Ke3 h5 31. c5 a5 32. Rh4 Ke6 33. Ra4 Ra7
34. b4 Kd5 35. a3 g5 36. Kf2 Kc6 37. bxa5 Kb5 38. Rb4+ Kxc5 39. Rb6 Rxa5 40. Rh6
h4 41. Rh5 Rxa3 42. Rxg5 Kd6 43. Rh5 Ra4 44. Ke3 Ke6 45. Rh6+ Kf5 46. Rh5+ Kf6
47. Kf2 Rf4 48. Ke3 Ke6 49. Rh6+ Kd5 50. Rh8 {Game drawn by mutual agreement}
1/2-1/2

[Event "Team 45 45 League T99"]
[Site "Internet Chess Club"]
[Date "2024.02.20"]
[Round "1"]
[White "trombone"]
[Black "walkover"]
[Result "1-0"]
[WhiteElo "1806"]
[BlackElo "1725"]
[Opening "Sicilian: Taimanov variation"]
[ECO "B48"]
[Time "13:30:29"]
[PlyCount "57"]
[TimeControl "2700+45"]

1. e4 c5 2. Nf3 Nc6 3. d4 cxd4 4. Nxd4 Qc7 5. Nc3 e6 6. Be3 a6 7. Qf3 d6 8. Nxc6
bxc6 9. O-O-O Nf6 10. g4 h5 11. g5 Ng4 12. Bf4 Ne5 13. Bxe5 dxe5 14. g6 f6 15.
Bc4 Bc5 16. Na4 Bd4 17. Qh3 Ke7 18. Qa3+ c5 19. Rd2 Bd7 20. c3 Rab8 21. cxd4 Rb4
22. Bb3 cxd4+ 23. Rc2 Qa5 24. Rc5 Bb5 25. Kb1 Bd3+ 26. Ka1 Bb5 27. Rhc1 Rd8 28.
R1c4 Rxc4 29. Rc7+ {Black forfeits on time} 1-0

[Event "Team 45 45 League T99"]
[Site "Internet Chess Club"]
[Date "2024.02.16"]
[Round "1"]
[White "Portola"]
[Black "DaveTheRook"]
[Result "1/2-1/2"]
[WhiteElo "1623"]
[BlackElo "1461"]
[Opening "Queen's pawn game"]
[ECO "A46"]
[Time "19:00:21"]
[PlyCount "55"]
[TimeControl "2700+45"]

1. d4 Nf6 2. Nf3 e6 3. c3 b6 4. Bg5 h6 5. Bh4 Be7 6. Nbd2 Bb7 7. e3 O-O 8. Bd3
d5 9. O-O Nbd7 10. Qe2 Re8 11. Ne5 Nxe5 12. dxe5 Nd7 13. Bg3 Nc5 14. Nf3 Nxd3
15. Qxd3 a5 16. Rfd1 Ba6 17. Qd2 c5 18. Qc2 Qc7 19. e4 dxe4 20. Qxe4 Bb7 21. Qe3
Rad8 22. Qe2 Rxd1+ 23. Rxd1 Rd8 24. Rxd8+ Qxd8 25. Ne1 Qd5 26. a3 Qe4 27. Qxe4
Bxe4 28. f4 {Game drawn by mutual agreement} 1/2-1/2

[Event "Team 45 45 League T99"]
[Site "Internet Chess Club"]
[Date "2024.02.19"]
[Round "1"]
[White "room-matt"]
[Black "Tufnell"]
[Result "0-1"]
[WhiteElo "1810"]
[BlackElo "1923"]
[Opening "Richter-Veresov attack"]
[ECO "D01"]
[Time "14:00:30"]
[PlyCount "80"]
[TimeControl "2700+45"]

1. d4 Nf6 2. Nc3 d5 3. Bg5 Nbd7 4. Qd3 h6 5. Bh4 c6 6. e4 dxe4 7. Nxe4 Nxe4 8.
Qxe4 g5 9. Bg3 Qa5+ 10. c3 f5 11. Qe2 f4 12. Qh5+ Kd8 13. Bxf4 Nf6 14. Qf3 gxf4
15. Qxf4 Qg5 16. Qxg5 hxg5 17. Nf3 g4 18. Ne5 Be6 19. Bc4 Bxc4 20. Nxc4 Bh6 21.
Ne5 Rh7 22. Rd1 Kc7 23. g3 Rg8 24. Ke2 Nd7 25. Nxd7 Kxd7 26. h3 Bf8 27. hxg4
Rxh1 28. Rxh1 Rxg4 29. Kf3 Rg6 30. Rh5 Rh6 31. Kg4 Rxh5 32. Kxh5 e6 33. f4 Bd6
34. b4 Ke7 35. Kg5 Kf7 36. Kg4 a5 37. a3 a4 38. Kf3 Kg6 39. g4 b6 40. c4 Bxb4
{White resigns} 0-1

[Event "Team 45 45 League T99"]
[Site "Internet Chess Club"]
[Date "2024.02.19"]
[Round "1"]
[White "Lawkeito"]
[Black "bobhill"]
[Result "0-1"]
[WhiteElo "1727"]
[BlackElo "1817"]
[Opening "QGD: classical variation (5.Bf4)"]
[ECO "D30"]
[Time "19:07:08"]
[PlyCount "62"]
[TimeControl "2700+45"]

1. d4 d5 2. c4 e6 3. Nf3 Be7 4. Nc3 Nf6 5. Bf4 O-O 6. e3 c6 7. Bd3 Nbd7 8. O-O
Re8 9. Rc1 dxc4 10. Bxc4 b5 11. Bd3 Bb7 12. h3 Rc8 13. a4 a6 14. Re1 h6 15. e4
b4 16. Nb1 c5 17. dxc5 Nxc5 18. Bc4 Qxd1 19. Rexd1 Nxa4 20. b3 Nc5 21. e5 Nd5
22. Bg3 Ne4 23. Bh2 Red8 24. Nbd2 Ndc3 25. Nxe4 Nxd1 26. Nd6 Bxd6 27. exd6 Nc3
28. Re1 Bxf3 29. gxf3 Nb5 30. Rd1 Rd7 31. f4 Rxd6 {White resigns} 0-1

[Event "Team 45 45 League T99"]
[Site "Internet Chess Club"]
[Date "2024.02.19"]
[Round "1"]
[White "Beetlejuice"]
[Black "VictorRed"]
[Result "1/2-1/2"]
[WhiteElo "1691"]
[BlackElo "1622"]
[Opening "English: Sicilian reversed"]
[ECO "A25"]
[Time "14:12:38"]
[PlyCount "63"]
[TimeControl "2700+45"]

1. c4 e5 2. Nc3 Nc6 3. g3 Nf6 4. Bg2 Bc5 5. Nf3 d6 6. e3 a6 7. O-O O-O 8. d4
exd4 9. exd4 Bb6 10. h3 Re8 11. Bg5 h6 12. Bxf6 Qxf6 13. Nd5 Qd8 14. Nxb6 cxb6
15. Qd2 Bf5 16. Rfe1 Qd7 17. g4 Be4 18. d5 Bxf3 19. Bxf3 Ne5 20. Be2 Rac8 21.
Rac1 Qd8 22. f4 Nd7 23. Bf1 Qh4 24. Re3 Rxe3 25. Qxe3 b5 26. cxb5 Rxc1 27. Qxc1
Qg3+ 28. Bg2 Nc5 29. b4 Nd3 30. Qc8+ Kh7 31. Qf5+ Kg8 32. Qc8+ {Game drawn by
mutual agreement} 1/2-1/2

[Event "Team 45 45 League T99"]
[Site "Internet Chess Club"]
[Date "2024.02.14"]
[Round "1"]
[White "fireball"]
[Black "Megasus"]
[Result "1-0"]
[WhiteElo "1525"]
[BlackElo "1543"]
[Opening "Sicilian: Smith-Morra gambit"]
[ECO "B21"]
[Time "16:01:08"]
[PlyCount "79"]
[TimeControl "2700+45"]

1. e4 c5 2. d4 cxd4 3. c3 dxc3 4. Nxc3 a6 5. Nf3 Nc6 6. Bc4 e6 7. O-O Qc7 8. Qe2
Nf6 9. Bg5 Ne5 10. Nxe5 Qxe5 11. f4 Qc5+ 12. Kh1 h5 13. Rac1 Be7 14. e5 Ng4 15.
Bxe7 Kxe7 16. Rf3 b5 17. Bb3 b4 18. Nd5+ Qxd5 19. Bxd5 exd5 20. Rd3 Bb7 21. h3
a5 22. hxg4 hxg4+ 23. Kg1 Ba6 24. Qe3 Rhc8 25. Rxc8 Rxc8 26. Rxd5 Bb7 27. Rd1
Rc2 28. Rd2 Rc1+ 29. Kf2 Rc6 30. Qd3 Bc8 31. Qh7 Rg6 32. Qh4+ f6 33. exf6+ Rxf6
34. Qxg4 g6 35. Qg5 Kf7 36. Qd5+ Kg7 37. Qe5 Kf7 38. g3 Re6 39. Qc7 Re7 40. Qxc8
{Black resigns} 1-0

[Event "Team 45 45 League T99"]
[Site "Internet Chess Club"]
[Date "2024.02.17"]
[Round "1"]
[White "Signofthetimes"]
[Black "ElValero"]
[Result "1-0"]
[WhiteElo "1572"]
[BlackElo "1616"]
[Opening "Sicilian defense"]
[ECO "B40"]
[Time "09:00:15"]
[PlyCount "127"]
[TimeControl "2700+45"]

1. e4 c5 2. Nf3 e6 3. Bc4 Nc6 4. Nc3 a6 5. a4 g6 6. d4 cxd4 7. Nxd4 Bg7 8. Be3
Nge7 9. Qd2 Qc7 10. Bb3 Ne5 11. f3 Nc4 12. Bxc4 Qxc4 13. Qd3 Qb4 14. O-O O-O 15.
Rfd1 Nc6 16. Nxc6 dxc6 17. Bd2 Qb6+ 18. Kf1 Rd8 19. Be3 Rxd3 20. Bxb6 Rxd1+ 21.
Nxd1 e5 22. Ne3 Be6 23. a5 Bf6 24. Rd1 Kf8 25. Ke2 Ke8 26. b3 Bd8 27. Rxd8+ Rxd8
28. Bxd8 Kxd8 29. Kd3 Kc7 30. Nc4 f6 31. b4 c5 32. bxc5 Kc6 33. Nd6 Kxc5 34.
Nxb7+ Kb4 35. c3+ Kb5 36. Kc2 h5 37. h3 h4 38. Kd2 Bd7 39. Kd3 Bc6 40. c4+ Kb4
41. Nd8 Ba8 42. Ne6 Kxa5 43. Kc3 Kb6 44. Nf8 f5 45. Nxg6 fxe4 46. Nxh4 exf3 47.
Nxf3 e4 48. Nd4 a5 49. g4 Kc5 50. Nb3+ Kb6 51. g5 Bc6 52. g6 Be8 53. g7 Bf7 54.
Nxa5 Kxa5 55. Kd4 Kb4 56. Kxe4 Kxc4 57. Ke5 Kc5 58. Kf6 Bg8 59. h4 Kd6 60. h5
Kd7 61. h6 Bh7 62. Kf7 Kd8 63. g8=Q+ Bxg8+ 64. Kxg8 {Black resigns} 1-0

[Event "Team 45 45 League T99"]
[Site "Internet Chess Club"]
[Date "2024.02.16"]
[Round "1"]
[White "Kingofknights"]
[Black "burlap"]
[Result "0-1"]
[WhiteElo "1440"]
[BlackElo "1443"]
[Opening "QGD Slav: exchange variation"]
[ECO "D13"]
[Time "20:00:12"]
[PlyCount "32"]
[TimeControl "2700+45"]

1. d4 d5 2. c4 c6 3. Nf3 Nf6 4. cxd5 cxd5 5. Nc3 e6 6. Bf4 Nc6 7. e3 Qa5 8. Rc1
Ne4 9. a3 Nxc3 10. Rxc3 Bxa3 11. Nd2 Bxb2 12. Rc2 Bc3 13. Be2 Bxd2+ 14. Rxd2 O-O
15. O-O f6 16. Qb3 Qxd2 {White resigns} 0-1

[Event "Team 45 45 League T99"]
[Site "Internet Chess Club"]
[Date "2024.02.14"]
[Round "1"]
[White "jjmolina1"]
[Black "tightfist"]
[Result "0-1"]
[WhiteElo "1387"]
[BlackElo "1501"]
[Opening "French: Marshall variation"]
[ECO "C10"]
[Time "10:36:41"]
[PlyCount "64"]
[TimeControl "2700+45"]

1. e4 e6 2. d4 d5 3. Nc3 c5 4. exd5 cxd4 5. Qxd4 Nf6 6. Qa4+ Bd7 7. Bb5 Nxd5 8.
Bxd7+ Qxd7 9. Qxd7+ Nxd7 10. Nxd5 exd5 11. Nf3 Bc5 12. O-O O-O 13. Rd1 Nb6 14.
b3 Rad8 15. Bb2 Rfe8 16. Ne5 f6 17. Nd3 Bd6 18. Re1 Kf7 19. Rxe8 Rxe8 20. Re1
Re4 21. f3 Bc5+ 22. Kf1 Rxe1+ 23. Kxe1 Bd6 24. h3 Ke6 25. Bd4 h5 26. Bxb6 axb6
27. Ke2 b5 28. Ke3 g5 29. Kd4 b6 30. g4 hxg4 31. hxg4 b4 32. Nb2 Be5+ {White
resigns} 0-1

[Event "Team 45 45 League T99"]
[Site "Internet Chess Club"]
[Date "2024.02.17"]
[Round "1"]
[White "Gojira"]
[Black "manfredo"]
[Result "1-0"]
[WhiteElo "1657"]
[BlackElo "1512"]
[Opening "Grünfeld: modern exchange variation"]
[ECO "D70"]
[Time "12:03:29"]
[PlyCount "49"]
[TimeControl "2700+45"]

1. d4 Nf6 2. Nf3 g6 3. c4 d5 4. cxd5 Nxd5 5. Nc3 Bg7 6. e4 Nxc3 7. bxc3 c5 8.
Be3 Nc6 9. Be2 Bg4 10. Bb5 O-O 11. Bxc6 bxc6 12. O-O cxd4 13. Bxd4 Bxf3 14. gxf3
e5 15. Bc5 Re8 16. Qa4 Qc7 17. Rfd1 Bf8 18. Bb4 a5 19. Bxf8 Rxf8 20. Rd3 Rfd8
21. Rad1 Rxd3 22. Rxd3 c5 23. Rd7 Qb8 24. Qc4 Ra7 25. Qxf7+ {Black resigns} 1-0

[Event "Team 45 45 League T99"]
[Site "Internet Chess Club"]
[Date "2024.02.15"]
[Round "1"]
[White "fvafier"]
[Black "Rookmaster"]
[Result "0-1"]
[WhiteElo "1428"]
[BlackElo "1542"]
[Opening "Sicilian: Smith-Morra gambit"]
[ECO "B21"]
[Time "18:00:54"]
[PlyCount "112"]
[TimeControl "2700+45"]

1. e4 c5 2. d4 cxd4 3. c3 dxc3 4. Nxc3 e6 5. Bc4 a6 6. Nf3 b5 7. Bb3 Bb7 8. Qe2
Nc6 9. O-O Bc5 10. Rd1 Qb6 11. Bf4 Nge7 12. Rac1 Rd8 13. e5 Nf5 14. Ne4 Ncd4 15.
Nxd4 Bxe4 16. Nxf5 Bxf5 17. Kf1 O-O 18. Bc2 Bxc2 19. Rxc2 d5 20. exd6 Bxd6 21.
Be3 Qb7 22. h3 Be7 23. Rdc1 Rc8 24. a3 Rxc2 25. Qxc2 Rd8 26. b4 h6 27. Qc6 Qxc6
28. Rxc6 Ra8 29. Rb6 a5 30. Rxb5 axb4 31. axb4 Ra1+ 32. Ke2 Ra2+ 33. Kd3 Rb2 34.
Kc4 Bf6 35. Rb8+ Kh7 36. b5 Rc2+ 37. Kb4 Rb2+ 38. Ka3 Rb1 39. b6 Be5 40. Rc8 Kg6
41. Ka4 Kf6 42. Ka5 Ra1+ 43. Kb5 Rb1+ 44. Ka6 Ra1+ 45. Kb7 Ke7 46. Rc7+ Kd8 47.
Rxf7 Ke8 48. Rc7 Kd8 49. Rc6 Kd7 50. Rc4 Ra2 51. g3 g5 52. f4 gxf4 53. Bxf4 Bxf4
54. Rxf4 e5 55. Rf7+ Ke6 56. Kc8 Kxf7 {White resigns} 0-1

[Event "Team 45 45 League T99"]
[Site "Internet Chess Club"]
[Date "2024.02.15"]
[Round "1"]
[White "BlueStorm"]
[Black "Denis240964"]
[Result "1-0"]
[WhiteElo "1719"]
[BlackElo "1301"]
[Opening "Scotch gambit"]
[ECO "C44"]
[Time "18:00:22"]
[PlyCount "121"]
[TimeControl "2700+45"]

1. e4 e5 2. Nf3 Nc6 3. d4 exd4 4. Bc4 d6 5. O-O Nf6 6. Re1 Be7 7. Nxd4 O-O 8.
Nxc6 bxc6 9. Bg5 Be6 10. Bd3 h6 11. Bd2 Qd7 12. Nc3 Rab8 13. Rb1 Bg4 14. Be2
Bxe2 15. Qxe2 Rfe8 16. h3 d5 17. e5 Ne4 18. Nxe4 dxe4 19. Rbd1 Qf5 20. Bc3 Rb5
21. Qxe4 Qxe4 22. Rxe4 Rd5 23. Rde1 Red8 24. g3 Bc5 25. Kg2 Kf8 26. f4 Ke8 27.
e6 f6 28. g4 Ke7 29. f5 Rd1 30. Kf3 R1d5 31. a3 Bd6 32. Ba5 Rxa5 33. R1e3 Re5
34. b4 Rxe4 35. Rxe4 Be5 36. Re3 Rd4 37. Re4 Rxe4 38. Kxe4 a6 39. Kd3 Bb2 40. a4
Kd6 41. Kc4 Bc1 42. b5 cxb5+ 43. axb5 axb5+ 44. Kxb5 Ba3 45. c4 c6+ 46. Ka4 Bc5
47. Ka5 Ba7 48. Ka6 Bb8 49. Kb7 Bc7 50. c5+ Kxc5 51. Kxc7 Kd5 52. Kd7 c5 53. e7
c4 54. e8=Q c3 55. Qe3 Kc4 56. Qc1 Kd3 57. Ke7 c2 58. Kf7 Kc3 59. Kxg7 Kd3 60.
Kxf6 Kc3 61. Kg6 {Black resigns} 1-0

[Event "Team 45 45 League T99"]
[Site "Internet Chess Club"]
[Date "2024.02.16"]
[Round "1"]
[White "smsxman"]
[Black "trogers41"]
[Result "0-1"]
[WhiteElo "1429"]
[BlackElo "1476"]
[Opening "Ruy Lopez: exchange variation"]
[ECO "C68"]
[Time "11:00:05"]
[PlyCount "74"]
[TimeControl "2700+45"]

1. e4 e5 2. Nf3 Nc6 3. Bb5 a6 4. Bxc6 dxc6 5. Nxe5 Qd4 6. Nf3 Qxe4+ 7. Qe2 Qxe2+
8. Kxe2 Be6 9. h3 O-O-O 10. Re1 Nf6 11. d3 h6 12. Nc3 Bb4 13. Bd2 Rhe8 14. Kf1
Nd5 15. Ne4 Bxd2 16. Nfxd2 Nb4 17. Rec1 Nd5 18. Nc5 Nf4 19. Nxe6 Rxe6 20. Ne4 b6
21. Re1 Rde8 22. Ng3 Rxe1+ 23. Rxe1 Rxe1+ 24. Kxe1 Nxg2+ 25. Kd2 g6 26. Ne2 Kd7
27. c3 c5 28. a3 Kd6 29. b3 Ke5 30. c4 Nf4 31. Ke3 Nxe2 32. Kxe2 Kf4 33. a4 g5
34. f3 f5 35. Kf2 h5 36. Kg2 Ke3 37. Kg3 h4+ {White resigns} 0-1